 Dungeon Crawl Stone Soup version 0.28.0-53-g5a82cb258f (webtiles) character file.

Game seed: 3031378607785062244

4189 Zeld the Frost Mage (level 10, -14/69 (75) HPs)
             Began as a Merfolk Ice Elementalist on May 21, 2022.
             Was a Follower of Vehumet.
             Demolished by a two-headed ogre
             ... wielding a +0 giant spiked club
              (20 damage)
             ... on level 10 of the Dungeon.
             The game lasted 00:14:58 (16071 turns).

Zeld the Frost Mage (Merfolk Ice Elementalist)     Turns: 16071, Time: 00:14:58

HP:   -14/69 (75)   AC: 13    Str:  9    XL:     10   Next: 29%
MP:   13/22         EV: 15    Int: 19    God:    Vehumet [*.....]
Gold: 470           SH:  5    Dex: 14    Spells: 14/25 levels left

rFire   . . .      SeeInvis +   a - +4 falchion
rCold   . . .      Faith    .   (no shield)
rNeg    . . .      Spirit   .   x - +0 robe
rPois   .          Reflect  +   y - +0 helmet
rElec   .          Harm     .   (no cloak)
rCorr   .          Rampage  .   e - +0 pair of gloves
Will    .....                   q - +0 pair of boots
Stlth   ++........              f - amulet of reflection
HPRegen 0.21/turn               s - ring of see invisible
MPRegen 0.18/turn               (no ring)

@: ice-armoured, freezing walls, drained
A: (nimble swimmer 2), mertail
a: Renounce Religion


You were on level 10 of the Dungeon.
You worshipped Vehumet.
Vehumet was aware of your devotion.
You visited 3 branches of the dungeon, and saw 12 of its levels.

You collected 665 gold pieces.
You spent 195 gold pieces at shops.

Inventory:

Hand Weapons
 a - a +4 falchion (weapon)
Armour
 e - a +0 pair of gloves (worn)
 q - a +0 pair of boots (worn)
 x - a +0 robe (worn)
 y - a +0 helmet (worn)
Jewellery
 f - an amulet of reflection (around neck)
 s - a ring of see invisible (left hand)
 z - a ring of protection from cold
Wands
 B - a wand of flame (12)
Scrolls
 b - 7 scrolls of identify {unknown}
 g - 3 scrolls of blinking {unknown}
 i - 2 scrolls of enchant armour {unknown}
 k - a scroll of fear {unknown}
 l - a scroll of enchant weapon {unknown}
 n - 3 scrolls of teleportation {unknown}
 o - a scroll of noise {unknown}
 p - a scroll of magic mapping {unknown}
 t - a scroll of brand weapon {unknown}
 w - 2 scrolls of holy word {unknown}
Potions
 c - 7 potions of curing {unknown}
 d - 4 potions of lignification {unknown}
 h - a potion of might {unknown}
 j - 2 potions of ambrosia {unknown}
 m - a potion of magic {unknown}
 r - a potion of berserk rage {unknown}
 u - a potion of attraction {unknown}
 v - a potion of degeneration {unknown}
 A - a potion of heal wounds {unknown}


   Skills:
 + Level 5.6 Fighting
 - Level 8.0 Dodging
 + Level 3.0 Stealth
 * Level 8.2 Spellcasting
 * Level 10.5 Ice Magic


You had 14 spell levels left.
You knew the following spells:

 Your Spells              Type           Power      Damage    Failure   Level
a - Freeze                Ice            100%       1d11      1%          1
b - Frozen Ramparts       Ice            94%        1d11      1%          3
c - Ozocubu's Armour      Ice            47%        N/A       1%          3
d - Hailstorm             Conj/Ice       27%        3d7       11%         4

Your spell library contained the following spells:

 Spells                   Type           Power      Damage    Failure   Level
 Shock                    Conj/Air       28%        1d4       9%          1
 Ensorcelled Hibernation  Hex/Ice        54%        N/A       1%          2
 Passwall                 Tmut/Erth      5%         N/A       14%         2
 Dazzling Flash           Conj/Hex       14%        N/A       26%         3
 Stone Arrow              Conj/Erth      14%        3d7       26%         3
 Swiftness                Air            7%         N/A       26%         3
 Airstrike                Air            3%         N/A       65%         4
 Animate Armour           Summ/Erth      14%        N/A       65%         4
 Leda's Liquefaction      Hex/Erth       3%         N/A       65%         4
 Summon Lightning Spire   Summ/Air       7%         N/A       65%         4
 Agony                    Necr           7%         N/A       94%         5
 Lee's Rapid Deconstruct  Erth           3%         3d6*      94%         5
 Lightning Bolt           Conj/Air       3%         1d15      94%         5
 Silence                  Hex/Air        3%         N/A       94%         5
 Statue Form              Tmut/Erth      4%         N/A       100%        6
 Lehudib's Crystal Spear  Conj/Erth      3%         10d3      100%        8


Dungeon Overview and Level Annotations

Branches:
Dungeon (10/15)            Temple (1/1) D:5            Lair (1/6) D:8
    Orc: D:9-12

Altars:
Ashenzari
Cheibriados
Dithmenos
Elyvilon
Fedhas
Gozag
Hepliaklqana
Kikubaaqudgha
Makhleb
Nemelex Xobeh
Okawaru
Qazlal
Ru
Sif Muna
Trog
Uskayaw
Vehumet
Wu Jian
Xom
Yredelemnul
Zin
The Shining One

Shops:
D:5 =   D:8 [

Annotations:
D:8 Erica


Innate Abilities, Weirdness & Mutations

((You are very nimble when in or above water. (Stealth+, EV+, Speed+++)))
Your lower body shifts to a powerful aquatic tail in water.


Message History

Confirm with . or Enter, or press ? or * to list all spells.
Aiming: Freeze (safe; 1% risk of failure)
Press: ? - help, Shift-Dir - straight line, f - two-headed ogre
Aim: a two-headed ogre, wielding two +0 giant spiked clubs (lightly wounded)
You freeze the two-headed ogre!
The two-headed ogre is moderately wounded.
Unknown command.
Casting: Freeze (safe; 1% risk of failure)
Confirm with . or Enter, or press ? or * to list all spells.
Aiming: Freeze (safe; 1% risk of failure)
Press: ? - help, Shift-Dir - straight line, f/p - two-headed ogre
Aim: a two-headed ogre, wielding two +0 giant spiked clubs (moderately wounded)
You freeze the two-headed ogre.
The two-headed ogre is moderately wounded.
The wall freezes the two-headed ogre!
The two-headed ogre barely misses you. The two-headed ogre closely misses you.
Casting: Freeze (safe; 1% risk of failure)
Confirm with . or Enter, or press ? or * to list all spells.
Aiming: Freeze (safe; 1% risk of failure)
Press: ? - help, Shift-Dir - straight line, f/p - two-headed ogre
Aim: a two-headed ogre, wielding two +0 giant spiked clubs (heavily wounded)
You freeze the two-headed ogre.
The two-headed ogre is severely wounded.
You hear the faint creaking of a distant portcullis.
The wall freezes the two-headed ogre.
The two-headed ogre hits you with a +0 giant spiked club!!
* * * LOW HITPOINT WARNING * * *
The two-headed ogre barely misses you.
Casting: Freeze (safe; 1% risk of failure)
Confirm with . or Enter, or press ? or * to list all spells.
Aiming: Freeze (safe; 1% risk of failure)
Press: ? - help, Shift-Dir - straight line, f/p - two-headed ogre
Aim: a two-headed ogre, wielding two +0 giant spiked clubs (severely wounded)
You freeze the two-headed ogre.
The two-headed ogre is severely wounded.
The wall freezes the two-headed ogre.
The two-headed ogre hits you with a +0 giant spiked club!
* * * LOW HITPOINT WARNING * * *
The two-headed ogre hits you with a +0 giant spiked club!!
You die...

#........# #.#
#........# #.#
##.####### #.# #....#
###.###### ####.##
#........# ####....#
#........# ........#
#........#
####....####
#........#
#....@O.#####........#
#....##..............#
#....########........#
#....# #........#
##.### ###.###### #.
.# ## .# .# +#


You could see a two-headed ogre.

Vanquished Creatures
  Pikel (D:7)
  Menkaure (D:7)
  A water moccasin (D:7)
  An orc warrior (D:9)
  A sky beast (D:5)
  2 black bears
  An ice beast (D:5)
  6 ogres
  2 centaurs (D:5)
  2 kobold brigands
  2 bullfrogs
  3 scorpions
  A water moccasin zombie (D:5)
  A water moccasin skeleton (D:4)
  4 killer bees (D:9)
  An oklob sapling (D:5)
  14 wights
  A howler monkey (D:5)
  2 centaur zombies (D:8)
  2 hounds
  A bullfrog zombie (D:5)
  3 jellies
  A bullfrog skeleton (D:6)
  2 gnoll shamans
  4 orc priests
  2 centaur skeletons
  A scorpion zombie (D:5)
  Terence (D:2)
  4 orc wizards
  An iguana (D:5)
  A hound zombie (D:5)
  A howler monkey zombie (D:9)
  14 gnolls
  10 adders
  2 adder skeletons (D:4)
  4 dart slugs
  16 orcs
  4 bats
  9 endoplasms
  5 giant cockroaches
  11 goblins
  3 hobgoblins
  3 jackals (D:4)
  3 quokkas
  9 ball pythons
  2 frilled lizards (D:1)
  12 kobolds
  3 rats
181 creatures vanquished.

Vanquished Creatures (others)
  34 plants
  4 toadstools (D:8)
38 creatures vanquished.

Grand Total: 219 creatures vanquished

Notes
Turn   | Place    | Note
-------+----------+-------------------------------------------
     0 | D:1      | Zeld the Merfolk Ice Elementalist began the quest for the
                  | Orb.
     0 | D:1      | Reached XP level 1. HP: 13/13 MP: 3/3
    77 | D:1      | Found a faded altar of an unknown god.
   169 | D:1      | Reached XP level 2. HP: 6/19 MP: 0/5
   901 | D:1      | Reached XP level 3. HP: 24/24 MP: 3/6
   935 | D:1      | Learned a level 3 spell: Frozen Ramparts
   939 | D:1      | Learned a level 3 spell: Ozocubu's Armour
  1535 | D:2      | Reached skill level 5 in Ice Magic
  1811 | D:2      | Reached XP level 4. HP: 30/30 MP: 4/8
  1983 | D:2      | Noticed Terence
  1994 | D:2      | Killed Terence
  2260 | D:3      | Reached XP level 5. HP: 31/35 MP: 1/9
  2717 | D:3      | Found an ornate altar of the Wu Jian Council.
  2845 | D:3      | HP: 1/35 [orc priest/divine providence (8)]
  3486 | D:3      | Learned a level 4 spell: Hailstorm
  3547 | D:3      | Noticed an ogre
  3583 | D:3      | Killed an ogre
  3584 | D:3      | Reached skill level 6 in Ice Magic
  3584 | D:3      | Reached XP level 6. HP: 18/41 MP: 1/12
  5247 | D:4      | Noticed a black bear
  5253 | D:4      | Killed a black bear
  5254 | D:4      | Reached skill level 1 in Fighting
  5254 | D:4      | Reached XP level 7. HP: 41/48 MP: 6/13
  5339 | D:4      | Reached skill level 5 in Dodging
  5769 | D:4      | Reached skill level 7 in Ice Magic
  6041 | D:4      | Reached skill level 5 in Spellcasting
  6249 | D:5      | Entered Level 5 of the Dungeon
  6275 | D:5      | Found a staircase to the Ecumenical Temple.
  6491 | D:5      | Reached XP level 8. HP: 16/56 MP: 10/15
  6492 | Temple   | Entered the Ecumenical Temple
  6935 | D:5      | Found Sihot's Jewellery Shoppe.
  6943 | D:5      | Bought a ring of see invisible for 195 gold pieces
  7665 | D:5      | You fall into a shaft and drop 3 floors!
  7665 | D:8      | Found a sparkling altar of Nemelex Xobeh.
  7665 | D:8      | Found a radiant altar of Vehumet.
  7665 | D:8      | Found a bloodstained altar of Trog.
  7672 | D:8      | Became a worshipper of Vehumet
  7687 | D:8      | Found a staircase to the Lair.
  8069 | D:6      | Noticed Pikel
  8115 | D:7      | Killed Pikel
  8116 | D:7      | Reached skill level 8 in Ice Magic
  8116 | D:7      | Reached XP level 9. HP: 49/64 MP: 7/18
  8551 | D:5      | Reached skill level 9 in Ice Magic
  8722 | D:5      | HP: 3/65 [ogre/+0 giant club (20)]
 11421 | D:7      | Noticed Menkaure
 11770 | D:7      | Killed Menkaure
 11929 | D:7      | Found a burning altar of Makhleb.
 12114 | D:8      | Found Fediot's Antique Armour Shop.
 12134 | D:8      | Reached skill level 5 in Fighting
 12211 | D:8      | Noticed Erica
 12324 | D:8      | Reached skill level 10 in Ice Magic
 13922 | D:8      | Reached XP level 10. HP: 64/65 MP: 21/21
 14474 | Lair:1   | Entered Level 1 of the Lair of Beasts
 14733 | D:9      | Found a hide-covered altar of Uskayaw.
 15410 | D:9      | Reached * piety under Vehumet
 15410 | D:9      | Offered knowledge of Shock by Vehumet.
 16020 | D:10     | Entered Level 10 of the Dungeon
 16044 | D:10     | Noticed a two-headed ogre
 16071 | D:10     | Demolished by a two-headed ogre

Illustrated notes

Levels and vault maps discovered:
D:1:      psy_arrival_basics, layout_rooms,
          hellmonk_ecumenical_altar_slurped_away
D:2:      layout_basic, chequers_serial_rivers_small_a, nrook_campfire,
          minmay_misc_feat_diagonals, kennysheep_decorative_pillar,
          minmay_stone_trees_large, uniq_terence
D:3:      layout_basic, mainiacjoe_overflow_cross_hatched, serial_bayou,
          serial_bayou_lagoon_b, serial_bayou_lagoon_a, serial_bayou_ford_a,
          serial_bayou_shore_b, serial_bayou_shore_b
D:4:      layout_loops_ring
D:5:      minmay_octagon_keep, layout_rooms, minmay_temple_entry_oklob,
          serial_shops, nicolae_shop_statue_plus
D:6:      layout_loops_ring, uniq_pikel
D:7:      layout_basic, lightli_temple_of_fire, kennysheep_cross_room,
          uniq_menkaure
D:8:      layout_gridville, chequers_temple_overflow_statue_of_worship,
          dpeg_oklobed_lair, serial_shops, nicolae_diamond_shop,
          grunt_ogre_cave, minmay_gold_behind_fungi, nicolae_figureground_pulse,
          uniq_erica
D:9:      layout_stronghold, nicolae_uskayaw_dance_hall, minmay_misc_feat_alley
D:10:     layout_roguey, enter_bailey_3, nicolae_trove_entry_columns
Temple:   eino_temple_scatter_basement
Lair:1:   layout_small_grid, gammafunk_ghost_abyssal_escape, beast_lair_carwin_3

Skill      XL: |  1  2  3  4  5  6  7  8  9 10 |
---------------+-------------------------------+-----
Dodging        | 3 4 5 6 8 |  8.0
Ice Magic      | 5 6 7 8 10 | 10.5
Spellcasting   | 3 4 5 6 7 8 |  8.2
Fighting       | 1 2 3 5 |  5.6
Stealth        | 3 |  3.0

Action                   |  1- 3 |  4- 6 |  7- 9 | 10-12 || total
-------------------------+-------+-------+-------+-------++-------
Melee: Unarmed           |    26 |    86 |    88 |       ||   200
       Tailslap          |       |     1 |       |       ||     1
       Punch             |       |     5 |     5 |       ||    10
       Flail             |       |       |   106 |    21 ||   127
       Falchion          |       |       |       |    43 ||    43
 Cast: Freeze            |    55 |    61 |    89 |    16 ||   221
       Frozen Ramparts   |       |     7 |    17 |     7 ||    31
       Ozocubu's Armour  |       |     1 |     7 |     2 ||    10
       Hailstorm         |       |       |       |     5 ||     5
Evoke: Wand              |       |       |    15 |     6 ||    21
 Stab: Sleeping          |     1 |       |     4 |       ||     5
Armor: Robe              |    16 |    26 |    47 |    14 ||   103
Dodge: Dodged            |    51 |    75 |   209 |    68 ||   403
Block: Other             |     3 |    26 |    61 |    28 ||   118
       Reflection        |       |     2 |     1 |       ||     3
